 Dungeon Crawl Stone Soup version 0.31-a0-455-g1a7b003ef0 (webtiles) character file.

Game seed: 17854415069945922131

4 floatRand the Ruffian (level 1, -7/16 HPs)
             Began as a Meteoran Shapeshifter on Aug 3, 2023.
             Mangled by a gnoll
             ... wielding a +0 halberd
              (13 damage)
             ... on level 2 of the Dungeon.
             The game lasted 00:00:26 (99 turns).

floatRand the Ruffian (Meteoran Shapeshifter)         Turns: 99, Time: 00:00:26

Health: -7/16      AC:  2    Str: 16    XL:     1   Next: 85%
Magic:  2/2        EV: 12    Int:  9    God:
Gold:   0          SH:  0    Dex: 14    Spells: 0/0 levels left

rFire   . .          .
                       - Unarmed
rCold   . . .        (no shield)
rNeg    . . .        a - +0 animal skin
rPois   .            (helmet currently unavailable)
rElec   .            (cloak currently unavailable)
rCorr   .            (gloves currently unavailable)
SInv    .            (boots currently unavailable)
Will    .....        (no amulet)
Stlth   +            (no ring)
HPRegen 0.22/turn    (no ring)
MPRegen 0.08/turn

%: no passive effects
@: beast-form, glowing
A: beast (slay +2), sense surroundings 1, otherworldly, glowing, explore regen
a: Begin Untransformation


You were on level 2 of the Dungeon.
You were a hulking beast.
You visited 1 branch of the dungeon, and saw 2 of its levels.

Inventory:

Armour
 a - a +0 animal skin (worn)
Talismans
 c - a beast talisman (active)
Scrolls
 d - 2 scrolls of identify {unknown}
Potions
 b - a potion of lignification
 e - a potion of brilliance {unknown}


   Skills:
 - Level 1.1 Fighting
 - Level 2.4 Dodging
 * Level 3.9 Unarmed Combat
 + Level 3.7 Shapeshifting


You couldn't memorise any spells.
You didn't know any spells.
Your spell library was empty.

Dungeon Overview and Level Annotations

Branches:
Dungeon (2/15) Zot: 1099

Altars:


Innate Abilities, Weirdness & Mutations

You are a hulking beast.
Your limbs bulge with bestial killing power. (Slay +2)
You passively map a small area around you.
You are easily found by Zot.
You glow in the dark.
You regain HP and MP as you explore.


Message History

No target in view!
You see here a quokka corpse.
d - a scroll labelled KOLUECW KUNI You see here a quokka corpse.
Found a scroll labelled KOLUECW KUNI.
d - 2 scrolls labelled KOLUECW KUNI (gained 1)
Found a viscous grey potion.
e - a viscous grey potion You open the door.
A quokka, a hobgoblin, an endoplasm and 2 gnolls come into view.
The hobgoblin shouts!
The endoplasm quivers.
The gnoll shouts! x2
A gnoll comes into view. It is wielding a +0 halberd.
Found a potion of lignification.
The gnoll throws a stone.
The stone barely misses you.
Okay, then.
Okay, then.
The endoplasm freezes you.
You are frozen.
You hit the endoplasm.
You kill the endoplasm!
The quokka barely misses you.
You hit the quokka.
The quokka is moderately wounded.
The quokka bites you.
You barely miss the quokka.
The quokka is moderately wounded.
The quokka closely misses you.
You hit the quokka.
The quokka is severely wounded.
The gnoll barely misses you. The quokka bites you.
You barely miss the quokka.
The quokka is severely wounded.
The gnoll barely misses you. The quokka bites you.
You punch the quokka!
You kill the quokka!
The gnoll hits you from afar with a +0 halberd!
Ouch! That really hurt!
You die...

, , , g * * , , ,
#'# *,, , ....,
+, * ##... , ,*
#.....#######* ,
#....gg.r.g.# *
#....g#####.# .#
#.... #h# *.#
#... #.## #.# *
#!. , ###..###.#
, , #.,,
#.....##.# #### *
# #......#.#
#..#, ,
#....#...# #.#..#
, * #....##..#
#.#..# *
#....##..###.#..#
*, , *
#....###...#.#<.#
#


You could see a gnoll.

Vanquished Creatures
  An endoplasm (D:2)
  A kobold (D:1)
  2 quokkas (D:2)
4 creatures vanquished.

Notes
Turn   | Place    | Note
-------+----------+-------------------------------------------
     0 | D:1      | floatRand the Meteoran Shapeshifter began the quest for the
                  | Orb.
     0 | D:1      | Reached XP level 1. HP: 16/16 MP: 2/2
    99 | D:2      | Mangled by a gnoll

Illustrated notes

Levels and vault maps discovered:
D:1:      lightli_arrival_boilingwater, layout_basic
D:2:      layout_basic

Action                     || total
---------------------------++-------
  Melee: Unarmed           ||     8
 Armour: Animal skin       ||     1
  Dodge: Dodged            ||     8

Table legend: (Time is in decaauts)
 A = Elapsed time spent in this place.
 B = Non-inter-level travel time spent in this place.
 C = Inter-level travel time spent in this place.
 D = Time resting spent in this place.
 E = Time spent auto-exploring this place.
 F = Levels seen in this place.
 G = Mean time per level.
                   A        B        C        D        E       F      G
               +--------+--------+--------+--------+--------+-----+--------+
         Total |    100 |    100 |      0 |      0 |      0 |   2 |   50.0 |
       Dungeon |    100 |    100 |      0 |      0 |      0 |   2 |   50.0 |
               +--------+--------+--------+--------+--------+-----+--------+

Top non-repeatable levels by time:
     D:2: 55 daAuts
     D:1: 44 daAuts
